 Dungeon Crawl Stone Soup version 0.23-a0-183-gf37f6fb109 (webtiles) character file.

4853 Ablot the Magician (level 10, -8/79 HPs)
             Began as a Gnoll Skald on Sept 22, 2018.
             Was an Elder of Okawaru.
             Mangled by a yak (10 damage)
             ... on level 10 of the Dungeon.
             The game lasted 00:14:52 (7869 turns).

Ablot the Magician (Gnoll Skald)                    Turns: 7869, Time: 00:14:52

Health: -8/79      AC: 11    Str: 17    XL:     10   Next: 49%
Magic:  21/30      EV: 14    Int: 16    God:    Okawaru [****..]
Gold:   362        SH:  0    Dex: 13    Spells: 6/23 levels left

rFire    + + .     SeeInvis .   a - +7 war axe of Honour {freeze, rElec rF+ Stlth+}
rCold    + . .     Gourm    .   (no shield)
rNeg     . . .     Faith    +   z - +2 ring mail of Sorcery {MR+ MP+9}
rPois    .         Spirit   .   F - +1 hat
rElec    +         Reflect  .   I - +1 cloak of Protective Custody {+Inv rC+ Str+3 Dex-4}
rCorr    .         Harm     .   (no gloves)
MR       +....                  (no boots)
Stlth    +++.......             v - amulet of faith
HPRegen  1.23/turn              T - ring of protection from fire
MPRegen  0.22/turn              (no ring)

@: very slightly contaminated, regenerating, drained
A: distributed training, fangs 1, strong nose
a: Heroism, Renounce Religion, Evoke Invisibility


You were on level 10 of the Dungeon.
You worshipped Okawaru.
Okawaru was greatly pleased with you.
You were not hungry.

You visited 2 branches of the dungeon, and saw 11 of its levels.

You collected 362 gold pieces.

Inventory:

Hand Weapons
 a - the +7 war axe of Honour (weapon) {freeze, rElec rF+ Stlth+}
   (You found it on level 9 of the Dungeon)

   It has been specially enchanted to freeze those struck by it, causing extra
   injury to most foes and up to half again as much damage against particularly
   susceptible opponents.
   It can also slow down cold-blooded creatures.
   It protects you from fire.
   It insulates you from electricity.
   It makes you more stealthy.
 s - a +3 trident
 w - a +0 blowgun
Missiles
 j - 300 stones
 m - 37 sling bullets
 r - 188 arrows
 A - 71 bolts
 D - 39 poisoned needles
 J - 6 javelins (quivered)
 M - 5 needles of confusion
 P - 6 needles of frenzy
Armour
 h - +0 acid dragon scales
 z - the +2 ring mail of Sorcery (worn) {MR+ MP+9}
   (You found it on level 5 of the Dungeon)

   It affects your resistance to hostile enchantments.
   It affects your magic capacity (+9).
 F - a +1 hat (worn)
 I - the +1 cloak of Protective Custody (worn) {+Inv rC+ Str+3 Dex-4}
   (You found it on level 5 of the Dungeon)

   It affects your strength (+3).
   It affects your dexterity (-4).
   It protects you from cold.
   It lets you turn invisible.
Magical Staves
 G - an uncursed staff of summoning
Jewellery
 v - an amulet of faith (around neck)
 E - an uncursed ring of ice
 T - a ring of protection from fire (left hand)
Wands
 N - a wand of polymorph (10)
 Q - a wand of scattershot (5)
 S - a wand of enslavement (17)
 V - a wand of flame (8)
Scrolls
 c - 6 scrolls of enchant weapon
 e - 3 scrolls of vulnerability
 i - 4 scrolls of teleportation
 l - 2 scrolls of magic mapping {unknown}
 n - 5 scrolls of amnesia
 q - a scroll of blinking {unknown}
 t - 3 scrolls of fog
 u - 4 scrolls of remove curse {unknown}
 x - 2 scrolls of enchant armour {unknown}
 y - a scroll of immolation {unknown}
 L - a scroll of fear {unknown}
Potions
 b - a potion of agility {unknown}
 f - a potion of magic {unknown}
 g - 4 potions of brilliance
 k - 4 potions of curing
 o - a potion of might {unknown}
 p - 3 potions of heal wounds
 B - 3 potions of resistance
 C - a potion of degeneration {unknown}
 H - a potion of mutation {unknown}
 K - a potion of lignification {unknown}
 O - 2 potions of haste
Comestibles
 d - 17 rations
 R - 5 chunks of flesh


   Skills:
 + Level 7.0(6.7) Fighting
 + Level 5.2(4.9) Short Blades
 + Level 5.2(4.9) Long Blades
 + Level 5.2(4.9) Axes
 + Level 5.2(4.9) Maces & Flails
 + Level 7.0(6.7) Polearms
 + Level 5.2(4.9) Staves
 + Level 5.2(4.9) Slings
 + Level 5.2(4.9) Bows
 + Level 5.2(4.9) Crossbows
 + Level 5.2(4.9) Throwing
 + Level 5.9(5.6) Armour
 + Level 7.0(6.7) Dodging
 + Level 5.2(4.9) Stealth
 + Level 5.2(4.9) Shields
 + Level 5.2(4.9) Unarmed Combat
 + Level 7.3(7.0) Spellcasting
 + Level 4.3(4.0) Conjurations
 + Level 4.3(4.0) Hexes
 + Level 7.0(6.7) Charms
 + Level 4.3(4.0) Summonings
 + Level 4.3(4.0) Necromancy
 + Level 4.3(4.0) Translocations
 + Level 4.3(4.0) Transmutations
 + Level 4.3(4.0) Fire Magic
 + Level 4.3(4.0) Ice Magic
 + Level 4.3(4.0) Air Magic
 + Level 4.3(4.0) Earth Magic
 + Level 4.3(4.0) Poison Magic
 + Level 5.7(5.4) Invocations
 + Level 5.2(4.9) Evocations


You had 6 spell levels left.
You knew the following spells:

 Your Spells              Type           Power        Failure   Level  Hunger
a - Infusion              Chrm           ####         1%          1    None
b - Song of Slaying       Chrm           ####....     1%          2    None
c - Shroud of Golubria    Chrm/Tloc      ###.......   3%          2    None
d - Regeneration          Chrm/Necr      ###.......   7%          3    ##.....
e - Spectral Weapon       Hex/Chrm       ###.....     7%          3    ##.....
f - Conjure Flame         Conj/Fire      ###.....     12%         3    ##.....
g - Mephitic Cloud        Conj/Pois/Air  ###.....     12%         3    ##.....

Your spell library contained the following spells:

 Spells                   Type           Power        Failure   Level  Hunger
 Animate Skeleton         Necr           N/A          4%          1    None
 Apportation              Tloc           ###...       4%          1    None
 Confusing Touch          Hex            ###...       4%          1    None
 Summon Small Mammal      Summ           ###.         4%          1    None
 Poisonous Vapours        Pois/Air       ###...       6%          2    None
 Freezing Cloud           Conj/Ice/Air   ###.......   99%         6    #######
 Ring of Flames           Chrm/Fire      ###.......   100%        7    #######


Dungeon Overview and Level Annotations

Branches:
Dungeon (10/15)            Temple (1/1) D:6
   Lair: D:8-11         Orc: D:9-12

Altars:
Ashenzari
Cheibriados
Dithmenos
Elyvilon
Fedhas
Gozag
Hepliaklqana
Kikubaaqudgha
Makhleb
Nemelex Xobeh
Okawaru
Qazlal
Ru
Sif Muna
Trog
Uskayaw
Vehumet
Wu Jian
Xom
Yredelemnul
Zin
The Shining One

Shops:
D:9 (


Innate Abilities, Weirdness & Mutations

Your experience applies equally to all skills.
You have very sharp teeth.
Your uncanny sense of smell can sniff out nearby items.


Message History

You are too injured to fight recklessly!
You barely miss the yak. You bite the yak.
The yak is moderately wounded.
You hit the yak. You freeze the yak. You barely miss the yak.
The yak barely misses you. The yak gores you. The yak closely misses you.
Unknown command.
You hit the yak. You freeze the yak. You bite the yak, but do no damage.
The yak is heavily wounded.
You slash the yak! You freeze the yak. You slash the yak! You freeze the yak.
The yak gores you!
* * * LOW HITPOINT WARNING * * *
The yak misses you. The yak closely misses you. The yak gores you!
* * * LOW HITPOINT WARNING * * *
The yak gores you but does no damage.
Casting: Spectral Weapon (safe; 7% risk of failure)
Confirm with . or Enter, or press ? or * to list all spells.
Your skin crawls.
The yak barely misses you. The yak gores you!
* * * LOW HITPOINT WARNING * * *
The yak gores you!
You die...

###.#...
#.......
#......#
##...$..#
##.......# ∆
#........#
....$..Y†#
.......Y@#
.......Y.#
##.......?.
#.......#...
#.......#.#.#
##....... .
.. #........
.. .
..<...?... ..


You could see 3 yaks.

Vanquished Creatures
  A kobold demonologist (D:9)
  2 yaks (D:10)
  A hungry ghost (D:7)
  Edmund (D:6)
  2 orc warriors
  A phantom (D:5)
  An ice beast (D:9)
  2 ogres
  2 black bears (D:9)
  A centaur (D:7)
  Blork the orc (D:6)
  2 bullfrogs (D:9)
  14 big kobolds
  A scorpion (D:3)
  10 killer bees
  6 howler monkeys
  A crimson imp (D:6)
  3 bullfrog zombies
  4 hounds
  A jelly (D:9)
  3 orc priests
  Crazy Yiuf (D:2)
  2 centaur skeletons
  4 iguanas
  2 orc wizards
  10 worker ants
  A hound skeleton (D:7)
  4 gnolls (D:4)
  7 adders
  4 shadow imps
  2 oozes (D:3)
  2 adder zombies
  An adder skeleton (D:4)
  A worm (D:2)
  3 dart slugs
  3 leopard geckos
  31 orcs
  4 giant cockroaches
  7 hobgoblins
  13 jackals
  4 quokkas
  7 bats
  5 frilled lizards
  3 goblins
  17 kobolds
  2 quokka skeletons
  9 rats
209 creatures vanquished.

Vanquished Creatures (others)
  A spectral weapon (D:10)
1 creature vanquished.

Grand Total: 210 creatures vanquished

Notes
Turn   | Place    | Note
-------+----------+-------------------------------------------
     0 | D:1      | Ablot the Gnoll Skald began the quest for the Orb.
     0 | D:1      | Reached XP level 1. HP: 20/20 MP: 6/6
   256 | D:1      | Reached XP level 2. HP: 26/26 MP: 7/7
   596 | D:1      | Reached XP level 3. HP: 29/31 MP: 9/9
   603 | D:1      | Reached skill level 5 in Spellcasting
   607 | D:1      | Learned a level 2 spell: Song of Slaying
   610 | D:1      | Learned a level 2 spell: Shroud of Golubria
   614 | D:1      | Learned a level 3 spell: Regeneration
   618 | D:1      | Learned a level 3 spell: Spectral Weapon
   812 | D:2      | Reached skill level 1 in Invocations
   964 | D:2      | Reached skill level 1 in Short Blades
   964 | D:2      | Reached skill level 1 in Long Blades
   964 | D:2      | Reached skill level 1 in Axes
   964 | D:2      | Reached skill level 1 in Maces & Flails
   964 | D:2      | Reached skill level 1 in Staves
   964 | D:2      | Reached skill level 1 in Slings
   964 | D:2      | Reached skill level 1 in Bows
   964 | D:2      | Reached skill level 1 in Crossbows
   964 | D:2      | Reached skill level 1 in Throwing
   964 | D:2      | Reached skill level 1 in Stealth
   964 | D:2      | Reached skill level 1 in Shields
   964 | D:2      | Reached skill level 1 in Unarmed Combat
   964 | D:2      | Reached skill level 1 in Evocations
  1008 | D:2      | Reached XP level 4. HP: 38/38 MP: 11/11
  1459 | D:2      | Found a shattered altar of Ashenzari.
  1551 | D:2      | Found a runed door.
  1713 | D:2      | Noticed Crazy Yiuf
  1720 | D:2      | Killed Crazy Yiuf
  1720 | D:2      | Reached skill level 1 in Conjurations
  1720 | D:2      | Reached skill level 1 in Hexes
  1720 | D:2      | Reached skill level 1 in Summonings
  1720 | D:2      | Reached skill level 1 in Necromancy
  1720 | D:2      | Reached skill level 1 in Translocations
  1720 | D:2      | Reached skill level 1 in Transmutations
  1720 | D:2      | Reached skill level 1 in Fire Magic
  1720 | D:2      | Reached skill level 1 in Ice Magic
  1720 | D:2      | Reached skill level 1 in Air Magic
  1720 | D:2      | Reached skill level 1 in Earth Magic
  1720 | D:2      | Reached skill level 1 in Poison Magic
  1824 | D:3      | Reached XP level 5. HP: 38/43 MP: 12/12
  2216 | D:3      | Reached XP level 6. HP: 46/50 MP: 8/13
  2656 | D:4      | Reached skill level 5 in Fighting
  2656 | D:4      | Reached skill level 5 in Polearms
  2656 | D:4      | Reached skill level 5 in Dodging
  2973 | D:4      | Found an ancient bone altar of Kikubaaqudgha.
  3085 | D:5      | Entered Level 5 of the Dungeon
  3112 | D:5      | Reached XP level 7. HP: 16/56 MP: 8/15
  3306 | D:5      | Got a brightly glowing ring mail
  3317 | D:5      | Identified the +2 ring mail of Sorcery {MR+ MP+9} (You
                  | found it on level 5 of the Dungeon)
  3553 | D:5      | Got a distressingly furry cloak
  3564 | D:5      | Identified the +1 cloak of Protective Custody {+Inv rC+
                  | Str+3 Dex-4} (You found it on level 5 of the Dungeon)
  3684 | D:5      | Found a shadowy altar of Dithmenos.
  4098 | D:6      | Noticed Blork the orc
  4108 | D:6      | Killed Blork the orc
  4314 | D:6      | Reached XP level 8. HP: 60/63 MP: 14/16
  4415 | D:6      | Found a staircase to the Ecumenical Temple.
  4425 | Temple   | Entered the Ecumenical Temple
  4576 | Temple   | Became a worshipper of Warmaster Okawaru
  4785 | D:6      | Noticed Edmund
  4800 | D:6      | Killed Edmund
  4863 | D:6      | Reached * piety under Okawaru
  5428 | D:7      | Reached ** piety under Okawaru
  5428 | D:7      | Reached XP level 9. HP: 61/69 MP: 17/18
  5536 | D:7      | Found a sparkling altar of Nemelex Xobeh.
  7249 | D:9      | Reached skill level 5 in Armour
  7288 | D:9      | Noticed a hand axe
  7289 | D:9      | Noticed a dagger
  7291 | D:9      | Found a hide-covered altar of Uskayaw.
  7306 | D:9      | Reached *** piety under Okawaru
  7335 | D:9      | Found Veosoe's Antique Weapon Shoppe.
  7346 | D:9      | Learned a level 3 spell: Conjure Flame
  7350 | D:9      | Learned a level 3 spell: Mephitic Cloud
  7361 | D:9      | Got a bloodstained war axe
  7403 | D:9      | Identified the +7 war axe of Honour {freeze, rElec rF+
                  | Stlth+} (You found it on level 9 of the Dungeon)
  7423 | D:9      | Reached skill level 5 in Invocations
  7584 | D:9      | Reached XP level 10. HP: 77/77 MP: 20/20
  7599 | D:9      | Reached **** piety under Okawaru
  7599 | D:9      | Received a gift from Okawaru
  7627 | D:9      | Reached skill level 5 in Short Blades
  7627 | D:9      | Reached skill level 5 in Long Blades
  7627 | D:9      | Reached skill level 5 in Axes
  7627 | D:9      | Reached skill level 5 in Maces & Flails
  7627 | D:9      | Reached skill level 5 in Staves
  7627 | D:9      | Reached skill level 5 in Slings
  7627 | D:9      | Reached skill level 5 in Bows
  7627 | D:9      | Reached skill level 5 in Crossbows
  7627 | D:9      | Reached skill level 5 in Throwing
  7627 | D:9      | Reached skill level 5 in Stealth
  7627 | D:9      | Reached skill level 5 in Shields
  7627 | D:9      | Reached skill level 5 in Unarmed Combat
  7627 | D:9      | Reached skill level 5 in Evocations
  7633 | D:9      | Noticed a kobold demonologist
  7645 | D:9      | Killed a kobold demonologist
  7828 | D:9      | Found a white marble altar of Elyvilon.
  7856 | D:10     | Entered Level 10 of the Dungeon
  7869 | D:10     | HP: 2/79 [yak (13)]
  7869 | D:10     | Mangled by a yak

Vault maps used:
D:1:      dpeg_arrival_round_c
D:2:      ashenzari_conservatory_becter, minmay_hexomino_u4,
          uniq_crazy_yiuf_cottage
D:3:      kennysheep_generic_room_10
D:4:      kiku_gazebo_pond_becter
D:5:      nicolae_dithmenos_through_a_glass_darkly, first_ration
D:6:      minmay_temple_entry_butterflies, minmay_misc_feat_tiny,
          uniq_blork_the_orc, uniq_edmund
D:7:      kennysheep_little_box
D:9:      elyvilon_altar_4, dancing_weapons_uskayaw, serial_shops,
          nicolae_shop_waterfront, special_room
D:10:     erik_lair_island, hangedman_fish_farm, roderic_three_in_a_row,
          trog_book
Temple:   eino_temple_rhombus

Skill      XL: |  1  2  3  4  5  6  7  8  9 10 |
---------------+-------------------------------+-----
Spellcasting   | 5 6 7 |  7.3
Invocations    | 1 2 3 4 5 |  5.7
Short Blades   | 1 2 3 4 5 |  5.2
Long Blades    | 1 2 3 4 5 |  5.2
Axes           | 1 2 3 4 5 |  5.2
Maces & Flails | 1 2 3 4 5 |  5.2
Staves         | 1 2 3 4 5 |  5.2
Slings         | 1 2 3 4 5 |  5.2
Bows           | 1 2 3 4 5 |  5.2
Crossbows      | 1 2 3 4 5 |  5.2
Throwing       | 1 2 3 4 5 |  5.2
Stealth        | 1 2 3 4 5 |  5.2
Shields        | 1 2 3 4 5 |  5.2
Unarmed Combat | 1 2 3 4 5 |  5.2
Evocations     | 1 2 3 4 5 |  5.2
Conjurations   | 1 2 3 4 |  4.3
Hexes          | 1 2 3 4 |  4.3
Summonings     | 1 2 3 4 |  4.3
Necromancy     | 1 2 3 4 |  4.3
Translocations | 1 2 3 4 |  4.3
Transmutations | 1 2 3 4 |  4.3
Fire Magic     | 1 2 3 4 |  4.3
Ice Magic      | 1 2 3 4 |  4.3
Air Magic      | 1 2 3 4 |  4.3
Earth Magic    | 1 2 3 4 |  4.3
Poison Magic   | 1 2 3 4 |  4.3
Armour         | 3 4 5 |  5.9
Fighting       | 5 6 7 |  7.0
Polearms       | 5 6 7 |  7.0
Dodging        | 5 6 7 |  7.0
Charms         | 6 7 |  7.0

Action                   |  1- 3 |  4- 6 |  7- 9 | 10-12 || total
-------------------------+-------+-------+-------+-------++-------
Melee: Spear             |   111 |    45 |       |       ||   156
       Bite              |    10 |    17 |    36 |     5 ||    68
       Quarterstaff      |       |    84 |       |       ||    84
       Rapier            |       |    39 |   377 |       ||   416
       Punch             |       |     1 |     5 |     1 ||     7
       War axe           |       |       |    24 |    48 ||    72
Throw: Javelin           |       |       |       |     6 ||     6
 Cast: Shroud of Golubri |     1 |     4 |    16 |     1 ||    22
       Spectral Weapon   |     1 |     2 |    16 |     2 ||    21
       Infusion          |     1 |     1 |     4 |       ||     6
       Regeneration      |       |     3 |     9 |     1 ||    13
       Song of Slaying   |       |     2 |     8 |       ||    10
Invok: Heroism           |       |       |     3 |       ||     3
Evoke: Wand              |       |       |     2 |       ||     2
  Use: Scroll            |       |       |    10 |       ||    10
 Stab: Sleeping          |     2 |     1 |       |       ||     3
       Distracted        |       |     1 |       |       ||     1
  Eat: Chunk             |     1 |     7 |    16 |     1 ||    25
Armor: Acid dragon scale |    17 |    30 |       |       ||    47
       Leather armour    |     1 |       |       |       ||     1
       Ring mail         |       |       |   119 |    26 ||   145
Dodge: Dodged            |    55 |   110 |   233 |    55 ||   453

Table legend:
 A = Non-vault XP
 B = Vault XP
 C = Vault XP percentage of total XP
 D = Non-vault monster count
 E = Vault monster count
 F = Vault count percentage of total count
                 A         B        C        D         E       F
            +---------+---------+-------+---------+---------+-------
      Total |    4986 |    1948 |  28.1 |     182 |      27 |  12.9
            +---------+---------+-------+---------+---------+-------
        D:1 |      40 |       0 |   0.0 |      22 |       0 |   0.0
        D:2 |      56 |      46 |  45.1 |      16 |       4 |  20.0
        D:3 |     223 |       2 |   0.9 |      27 |       1 |   3.6
        D:4 |     224 |       0 |   0.0 |      13 |       0 |   0.0
        D:5 |     411 |       0 |   0.0 |      10 |       0 |   0.0
        D:6 |     296 |     252 |  46.0 |      13 |       2 |  13.3
        D:7 |    1193 |       0 |   0.0 |      29 |       0 |   0.0
        D:8 |     549 |       0 |   0.0 |      17 |       0 |   0.0
        D:9 |    1557 |    1648 |  51.4 |      32 |      20 |  38.5
       D:10 |     437 |       0 |   0.0 |       3 |       0 |   0.0
            +---------+---------+-------+---------+---------+-------
